 Dungeon Crawl Stone Soup version 0.25.1-2-g60ff931df9 (webtiles) character file.

Game seed: 10117235233958780788

35 axecop the Unweaver (level 3, -1/29 HPs)
             Began as a Demonspawn Abyssal Knight on Nov 7, 2020.
             Was a Follower of Lugonu.
             Slain by a gnoll
             ... wielding a +0 whip
              (11 damage)
             ... on level 2 of the Dungeon.
             The game lasted 00:01:37 (1105 turns).

axecop the Unweaver (Demonspawn Abyssal Knight)     Turns: 1105, Time: 00:01:38

Health: -1/29      AC:  3    Str: 15    XL:     3   Next: 16%
Magic:  5/5        EV: 11    Int: 13    God:    Lugonu [*.....]
Gold:   43         SH:  0    Dex: 18    Spells: 2/2 levels left

rFire    . . .     SeeInvis .   a - +1 falchion
rCold    . . .     Gourm    .   (no shield)
rNeg     . . .     Faith    .   b - +0 leather armour
rPois    .         Spirit   .   (helmet restricted)
rElec    +         Reflect  .   (no cloak)
rCorr    .         Harm     .   (no gloves)
MR       .....                  (no boots)
Stlth    +.........             (no amulet)
HPRegen  0.09/turn              e - +6 ring of dexterity
MPRegen  0.09/turn              (no ring)

@: about to teleport
A: antennae 2, electricity resistance, strong 1, subdued magic 1
a: Depart the Abyss, Renounce Religion


You were on level 2 of the Dungeon.
You worshipped Lugonu.
Lugonu was aware of your devotion.
You were not hungry.

You visited 1 branch of the dungeon, and saw 2 of its levels.
You visited the Abyss 1 time.

You collected 43 gold pieces.

Inventory:

Hand Weapons
 a - a +1 falchion (weapon)
Armour
 b - a +0 leather armour (worn)
Jewellery
 e - a +6 ring of dexterity (left hand)
Wands
 m - a wand of iceblast (8)
Scrolls
 i - a scroll of amnesia
Potions
 d - a potion of curing {unknown}
 f - a potion of flight {unknown}
Comestibles
 c - 9 rations
 g - 2 chunks of flesh


   Skills:
 - Level 3.0 Fighting
 - Level 2.3 Long Blades
 - Level 1.7 Armour
 - Level 0.8 Dodging
 * Level 1.4 Unarmed Combat
 + Level 3.3 Invocations


You had 2 spell levels left.
You didn't know any spells.
Your spell library was empty.

Dungeon Overview and Level Annotations

Branches:
Dungeon (2/15)

Altars:


Innate Abilities, Weirdness & Mutations

You have a pair of antennae on your head.
You are resistant to electric shocks. (rElec)
Your muscles are strong. (Str +2)
Your spells are a little easier to cast, but a little less powerful.


Message History

The gnoll is almost dead.
The gnoll throws a stone.
The stone closely misses you.
The stone hits the gnoll.
The gnoll dies!
You have reached level 3!
Your experience leads to an increase in your attributes!
Your base attributes are Str 12, Int 13, Dex 12.
Increase (S)trength, (I)ntelligence, or (D)exterity?
You feel stronger.
You barely miss the gnoll.
The gnoll throws a stone.
The stone barely misses you.
The stone hits the gnoll but does no damage.
The gnoll closely misses you.
The gnoll throws a stone.
The stone hits you but does no damage.
Unknown command.
You are too injured to fight recklessly!
You slash the gnoll!
The gnoll is heavily wounded.
The gnoll hits you with a +0 whip!
You die...

.... .##................#
#.. .####..............#
#..#..#...........######
..#.#....g#...........# #
.......{####..........# ##
........r.##..........#####.
........#.##..g.......##....
........#r##..........##....
........#gg@..........##....
........#####.........##....
<..###### #.........######
... #.........# ###########


You could see 2 gnolls, a hobgoblin and a rat.

Vanquished Creatures
  An ooze (D:1)
  2 bats (D:2)
  2 giant cockroaches
  4 goblins (D:1)
  3 hobgoblins
  3 frilled lizards (D:2)
  5 rats (D:1)
20 creatures vanquished.

Vanquished Creatures (others)
  A gnoll (D:2)
1 creature vanquished.

Grand Total: 21 creatures vanquished

Notes
Turn   | Place    | Note
-------+----------+-------------------------------------------
     0 | Abyss:1  | axecop the Demonspawn Abyssal Knight began the quest for
                  | the Orb.
     0 | Abyss:1  | Reached XP level 1. HP: 18/18 MP: 2/2
    54 | D:1      | Escaped the Abyss
   406 | D:1      | Gained mutation: You have a pair of small antennae on your
                  | head. [demonic ancestry]
   406 | D:1      | Reached XP level 2. HP: 19/24 MP: 4/4
   943 | D:2      | Reached skill level 1 in Unarmed Combat
  1095 | D:2      | Gained mutation: You have a pair of antennae on your head.
                  | [potion of mutation]
  1095 | D:2      | Gained mutation: Your spells are a little easier to cast,
                  | but a little less powerful. [potion of mutation]
  1095 | D:2      | Gained mutation: Your muscles are strong. (Str +2) [potion
                  | of mutation]
  1095 | D:2      | Gained mutation: You are resistant to electric shocks.
                  | (rElec) [potion of mutation]
  1103 | D:2      | Reached XP level 3. HP: 10/29 MP: 5/5
  1105 | D:2      | Slain by a gnoll

Illustrated notes

Levels and vault maps discovered:
D:1:      ncdulo_lavacross, layout_rooms, serial_rivers,
          chequers_serial_rivers_micro_d, chequers_serial_rivers_micro_a,
          chequers_serial_rivers_micro_c, chequers_serial_rivers_micro_c,
          chequers_serial_rivers_large_b, chequers_serial_rivers_large_a
D:2:      layout_basic, st_stairs_6

Skill      XL: |  1  2 |
---------------+-------+-----
Long Blades    | 2 |  2.3
Invocations    | 3 |  3.3
Unarmed Combat | 1 |  1.4
Fighting       | |  3.0
Armour         | |  1.7
Dodging        | |  0.8

Action                   || total
-------------------------++-------
Melee: Falchion          ||    62
  Use: Scroll            ||     2
       Potion            ||     2
 Stab: Sleeping          ||     1
  Eat: Chunk             ||     1
Armor: Leather armour    ||    20
Dodge: Dodged            ||    47
       Rpst.: Falchion   ||    11
